 Dungeon Crawl Stone Soup version 0.30-a0-748-ge6a52f7cba (webtiles) character file.

Game seed: 15240625498139700643

16740 mandoloar the Thaumaturge (level 12, -20/67 HPs)
             Began as a Deep Elf Conjurer on Feb 8, 2023.
             Was a Follower of Vehumet.
             Killed by an exploding fulminant prism (35 damage)
             ... on level 2 of the Lair of Beasts.
             The game lasted 00:54:05 (14866 turns).

mandoloar the Thaumaturge (Deep Elf Conjurer)      Turns: 14866, Time: 00:54:06

Health: -20/67     AC: 12    Str:  4    XL:     12   Next: 12%
Magic:  34/41      EV: 30    Int: 29    God:    Vehumet [*.....]
Gold:   669        SH:  0    Dex: 13    Spells: 16/40 levels left

rFire   . . .      SeeInvis +    a - staff of conjuration
rCold   . . .      Faith    .    (no shield)
rNeg    . . .      Spirit   .    G - +2 robe {Archmagi}
rPois   +          Reflect  .    A - +1 helmet
rElec   .          Harm     .    z - +2 cloak {rPois}
rCorr   .          Rampage  .    r - +2 pair of gloves
Will    +....      Archmagi +    (no boots)
Stlth   +++                      w - amulet of the acrobat
HPRegen 0.31/turn                x - ring of magical power
MPRegen 0.27/turn                c - ring of see invisible

@: acrobatic
A: no striking features
a: Renounce Religion


You were on level 2 of the Lair of Beasts.
You worshipped Vehumet.
Vehumet was aware of your devotion.
You visited 3 branches of the dungeon, and saw 13 of its levels.
You also visited: Sewer.

You collected 897 gold pieces.
You spent 228 gold pieces at shops.

Inventory:

Hand Weapons
 b - a +2 short sword of freezing
Missiles
 h - a throwing net
Armour
 r - a +2 pair of gloves (worn)
 z - a +2 cloak of poison resistance (worn)
 A - a +1 helmet (worn)
 G - a +2 robe of the Archmagi (worn)
Magical Staves
 a - a staff of conjuration (weapon)
Jewellery
 c - a ring of see invisible (right hand)
 j - a ring of resist corrosion
 w - an amulet of the acrobat (around neck)
 x - a ring of magical power (left hand)
Wands
 s - a wand of mindburst (7)
 u - a wand of digging (3)
 y - a wand of iceblast (15)
 B - a wand of paralysis (14)
 C - a wand of flame (55)
Scrolls
 i - 2 scrolls of blinking
 n - 2 scrolls of teleportation
 D - a scroll of poison
 E - 2 scrolls of magic mapping
 F - a scroll of enchant weapon
 H - a scroll of silence
Potions
 d - 4 potions of mutation
 e - 2 potions of lignification
 f - 3 potions of cancellation
 g - a potion of ambrosia
 k - a potion of brilliance
 l - 2 potions of berserk rage
 m - 3 potions of attraction {unknown}
 o - 2 potions of magic
 p - 7 potions of curing
 q - 4 potions of heal wounds
 t - a potion of resistance
 v - a potion of flight {unknown}


   Skills:
 + Level 4.4 Fighting
 + Level 7.0 Dodging
 - Level 7.0 Stealth
 + Level 14.6 Spellcasting
 + Level 12.9 Conjurations
 - Level 6.0 Hexes
 - Level 6.0 Translocations
 + Level 4.9 Transmutations
 + Level 4.4 Air Magic


You had 16 spell levels left.
You knew the following spells:

 Your Spells              Type           Power      Damage    Failure   Level
a - Magic Dart            Conj           100%       1d8       0%          1
b - Searing Ray           Conj           100%       2d8       1%          2
c - Fulminant Prism       Conj/Hex       53%        3d23      1%          4
d - Iskenderun's Mystic   Conj/Tloc      100%       2d19      1%          4
e - Blink                 Tloc           100%       N/A       1%          2
f - Storm Form            Tmut/Air       32%        N/A       96%         7
g - Manifold Assault      Tloc           71%        N/A       1%          4

Your spell library contained the following spells:

 Spells                   Type           Power      Damage    Failure   Level
 Freeze                   Ice            100%       1d10      2%          1
 Lesser Beckoning         Tloc           100%       N/A       1%          2
 Momentum Strike          Conj/Tloc      100%       3d10      1%          2
 Dazzling Flash           Conj/Hex       100%       N/A       1%          3
 Gell's Gravitas          Tloc           71%        N/A       1%          3
 Mephitic Cloud           Conj/Pois/Air  89%        N/A       1%          3
 Portal Projectile        Hex/Tloc       100%       N/A       1%          3
 Teleport Other           Tloc           71%        N/A       1%          3
 Call Imp                 Summ           31%        N/A       3%          2
 Call Canine Familiar     Summ           31%        N/A       7%          3
 Leda's Liquefaction      Hex/Erth       27%        N/A       7%          4
 Animate Dead             Necr           31%        N/A       22%         4
 Haunt                    Necr/Summ      15%        N/A       100%        7
 Infestation              Necr           15%        N/A       100%        8


Dungeon Overview and Level Annotations

Branches:
Dungeon (10/15)            Temple (1/1) D:5            Lair (2/5) D:10
  Sewer (visited)
  Swamp: Lair:2-3    Shoals: Lair:2-3     Snake: Lair:2-3    Spider: Lair:2-3
    Orc: D:9-12

Altars:
Ashenzari
Cheibriados
Dithmenos
Elyvilon
Fedhas
Gozag
Hepliaklqana
Kikubaaqudgha
Makhleb
Nemelex Xobeh
Okawaru
Qazlal
Ru
Sif Muna
Trog
Uskayaw
Vehumet
Wu Jian
Xom
Yredelemnul
Zin
The Shining One

Shops:
D:8 ?

Annotations:
D:8 2 transporters, bakla's ghost, novice DsAr
D:10 2 transporters, lotum's ghost, novice DgHu
Lair:1 1 runed translucent door, Puggon's ghost, journeyman TeAE
Lair:2 Sonja


Message History

Confirm with . or Enter, or press ? or * to list all spells.
Aiming: Fulminant Prism (dangerous; 1% risk of failure)
Press: ? - help, Dir - move target You feel a strong surge of power!
You conjure a prism of explosive energy!
A fulminant prism comes into view.
You hear a shout!
Sonja hits your fulminant prism but does no damage.
Space warps horribly around your fulminant prism!
Sonja completely misses your fulminant prism. x2
Something hits your fulminant prism!
Space warps around your fulminant prism.
Something hits your fulminant prism. x2
Your fulminant prism detonates feebly.
Sonja casts a spell.
Sonja blinks!
Casting: Fulminant Prism (dangerous; 1% risk of failure)
Confirm with . or Enter, or press ? or * to list all spells.
Aiming: Fulminant Prism (dangerous; 1% risk of failure)
Press: ? - help, Dir - move target You feel a strong surge of power!
You conjure a prism of explosive energy!
A fulminant prism comes into view.
You miss Sonja.
Sonja hits you with a +2 short sword of distortion.
Space warps around you. Sonja closely misses you.
Sonja hits you but does no damage. Space warps horribly around you!
Your fulminant prism crackles loudly.
Sonja hits you but does no damage. Space warps horribly around you!!
Sonja hits you but does no damage. Space warps around you!
Sonja barely misses you. Sonja attacks as you move away!
Sonja hits you but does no damage. Space warps around you.
Sonja closely misses you. Sonja hits you but does no damage.
Space warps horribly around you!
* * * LOW HITPOINT WARNING * * *
Sonja throws a curare-tipped dart.
The curare-tipped dart hits you.
Your fulminant prism explodes!
The blast of energy engulfs you!!
Ouch! That really hurt!
You die...

#########
#####.#.#..P###
##.............#
#..##P###.###.K## ###
#..######## ##..##
###.# ##..##.###
##@..###.#.#
#.......####........†##
#.....#..#....###.##.#
##
#..###..>............##
###. #...#
######.?.........#
##.#. #...#
#..).##....#####P.^.
##...
##.†#...............
#$..
#>.#.##...)........
#..#
#..#..#......#.##..


You could see Sonja.

Vanquished Creatures
  Erolcha (D:9)
  Erica (D:8)
  A two-headed ogre (D:8)
  A deep troll (D:10)
  A black mamba (Lair:1)
  A gargoyle (D:7)
  2 unseen horrors
  2 rime drakes (Lair:1)
  4 komodo dragons
  7 trolls
  A hornet (D:9)
  4 blink frogs (Lair:1)
  Sigmund (D:2)
  A wyvern (D:10)
  A basilisk (Lair:1)
  19 yaks
  A steam dragon (D:8)
  A naga (Lair:2)
  7 water moccasins
  3 orc warriors
  2 black bears
  An ice beast (D:7)
  13 wolves
  2 centaurs
  A phantom (D:6)
  2 gnoll sergeants
  2 scorpions
  7 bullfrogs
  A necrophage (D:8)
  4 wights (D:10)
  5 killer bees (D:9)
  2 electric eels (Lair:1)
  5 howler monkeys
  A crimson imp (D:10)
  Crazy Yiuf (D:7)
  4 jellies
  5 orc priests
  6 hounds
  4 orc wizards
  Terence (D:2)
  16 gnolls
  9 adders
  4 river rats (D:5)
  A shadow imp (D:5)
  A white imp (D:6)
  An ufetubus (D:5)
  2 worms
  2 dart slugs
  21 orcs
  6 endoplasms
  2 giant cockroaches (D:2)
  12 goblins
  6 hobgoblins
  16 jackals
  5 quokkas
  15 ball pythons
  3 bats
  2 frilled lizards
  5 kobolds
  10 rats
268 creatures vanquished.

Vanquished Creatures (others)
  180 fulminant prisms
  14 fungi
  19 plants
213 creatures vanquished.

Grand Total: 481 creatures vanquished

Notes
Turn   | Place    | Note
-------+----------+-------------------------------------------
     0 | D:1      | mandoloar the Deep Elf Conjurer began the quest for the
                  | Orb.
     0 | D:1      | Reached XP level 1. HP: 10/10 MP: 6/6
   416 | D:1      | Reached XP level 2. HP: 15/15 MP: 4/8
   838 | D:2      | Found a faded altar of an unknown god.
   928 | D:2      | Learned a level 2 spell: Searing Ray
  1146 | D:2      | Reached skill level 4 in Spellcasting
  1146 | D:2      | Reached skill level 5 in Conjurations
  1146 | D:2      | Reached XP level 3. HP: 19/19 MP: 4/10
  1227 | D:2      | Noticed Sigmund
  2283 | D:2      | Noticed Terence
  2293 | D:2      | Killed Terence
  2294 | D:2      | Reached XP level 4. HP: 24/24 MP: 5/12
  2439 | D:2      | Reached skill level 5 in Spellcasting
  2470 | D:3      | Learned a level 4 spell: Fulminant Prism
  2475 | D:3      | Learned a level 4 spell: Iskenderun's Mystic Blast
  2762 | D:3      | Found a glowing golden altar of the Shining One.
  2764 | D:3      | Found a shadowy altar of Dithmenos.
  2765 | D:3      | Found a hide-covered altar of Uskayaw.
  2771 | D:3      | Found a white marble altar of Elyvilon.
  2775 | D:3      | Found a blossoming altar of Fedhas.
  2777 | D:3      | Found a shimmering altar of Xom.
  2781 | D:3      | Found an iron altar of Okawaru.
  2782 | D:3      | Found an opulent altar of Gozag.
  3146 | D:4      | Reached skill level 1 in Hexes
  3150 | D:4      | Reached XP level 5. HP: 28/28 MP: 5/14
  3152 | D:4      | Reached skill level 1 in Translocations
  4412 | D:5      | Entered Level 5 of the Dungeon
  4610 | D:5      | Reached XP level 6. HP: 32/32 MP: 16/16
  4676 | D:5      | Found a glowing drain.
  4681 | Sewer    | Entered a sewer
  4792 | Sewer    | Noticed a water moccasin
  4807 | Sewer    | Killed a water moccasin
  4808 | Sewer    | Reached skill level 6 in Spellcasting
  5266 | D:5      | Reached XP level 7. HP: 35/36 MP: 18/18
  5358 | D:5      | Found a staircase to the Ecumenical Temple.
  5502 | Temple   | Entered the Ecumenical Temple
  6058 | D:6      | Identified a scroll of acquirement
  6058 | D:6      | Acquired a staff of conjuration
  6386 | D:6      | Reached skill level 7 in Spellcasting
  6466 | D:6      | Reached skill level 13 in Spellcasting
  6466 | D:6      | Reached XP level 8. HP: 41/41 MP: 27/27
  6510 | D:6      | Noticed an unseen horror
  6517 | D:6      | Killed an unseen horror
  6518 | D:6      | Reached XP level 9. HP: 43/46 MP: 17/28
  6967 | D:6      | Learned a level 2 spell: Blink
  7748 | D:7      | Reached skill level 1 in Fighting
  7751 | D:7      | Reached skill level 5 in Hexes
  7977 | D:7      | Noticed a gargoyle
  7983 | D:7      | Killed a gargoyle
  8472 | D:7      | Found a runed translucent door.
  8473 | D:7      | Noticed Crazy Yiuf
  8482 | D:7      | Killed Crazy Yiuf
  8969 | D:2      | Killed Sigmund
  9349 | D:8      | Found Dufec's Magic Scroll Shop.
  9358 | D:8      | Bought a scroll of magic mapping for 90 gold pieces
  9358 | D:8      | Bought a scroll of identify for 24 gold pieces
  9358 | D:8      | Bought a scroll of identify for 24 gold pieces
  9358 | D:8      | Bought a scroll of magic mapping for 90 gold pieces
  9386 | D:8      | Noticed bakla's ghost (novice DsAr)
  9394 | D:8      | Found a transporter.
  9426 | D:8      | Noticed Erica
  9435 | D:8      | Killed Erica
  9436 | D:8      | Reached XP level 10. HP: 53/53 MP: 27/29
  9444 | D:8      | Learned a level 7 spell: Storm Form
  9451 | D:8      | Learned a level 4 spell: Manifold Assault
  9726 | D:8      | Noticed a two-headed ogre
  9739 | D:8      | Killed a two-headed ogre
  9740 | D:8      | Reached skill level 5 in Translocations
  9802 | D:8      | Reached skill level 1 in Transmutations
  9808 | D:8      | Reached skill level 1 in Air Magic
  9930 | D:8      | Found a transporter.
 10415 | D:9      | Reached skill level 5 in Stealth
 10965 | D:9      | Reached skill level 5 in Dodging
 11431 | D:9      | Reached XP level 11. HP: 53/60 MP: 30/30
 11613 | D:9      | Noticed Erolcha
 11624 | D:9      | Killed Erolcha
 11882 | D:10     | Entered Level 10 of the Dungeon
 12007 | D:10     | Noticed a deep troll
 12014 | D:10     | Reached skill level 14 in Spellcasting
 12018 | D:10     | Noticed lotum's ghost (novice DgHu)
 12023 | D:10     | Found a transporter.
 12045 | D:10     | Found a bloodstained altar of Trog.
 12055 | D:10     | Found a transporter.
 12197 | D:10     | Found a hazy altar of Hepliaklqana.
 12606 | D:10     | Noticed a deep troll
 12612 | D:10     | Killed a deep troll
 12790 | D:10     | Found a burning altar of Makhleb.
 12791 | D:10     | Found a radiant altar of Vehumet.
 12803 | D:10     | Became a worshipper of Vehumet
 12931 | D:10     | Found a staircase to the Lair.
 13214 | Lair:1   | Entered Level 1 of the Lair of Beasts
 13225 | D:10     | Upgraded the game from 0.30-a0-743-gbfdf073431 to
                  | 0.30-a0-748-ge6a52f7cba
 13765 | Lair:1   | Found a runed translucent door.
 13765 | Lair:1   | Found a shimmering altar of Xom.
 13765 | Lair:1   | Noticed a +0 scimitar of chaos
 13766 | Lair:1   | Noticed Puggon's ghost (journeyman TeAE)
 13863 | Lair:1   | Reached * piety under Vehumet
 13863 | Lair:1   | Offered knowledge of Freeze by Vehumet.
 13864 | Lair:1   | Reached XP level 12. HP: 66/66 MP: 32/32
 14860 | Lair:2   | Noticed Sonja
 14866 | Lair:2   | Killed by an exploding fulminant prism

Illustrated notes

Levels and vault maps discovered:
D:1:      minmay_arrival_jagged, layout_basic
D:2:      layout_basic, hellmonk_ecumenical_altar_run_dry,
          minmay_joined_circles, uniq_sigmund, uniq_terence
D:3:      layout_rooms, nicolae_overflow_hallway_of_the_gods,
          nicolae_concentric_dashed_squares_wild
D:4:      layout_basic, nicolae_hexahallways
D:5:      layout_basic, minmay_temple_entry_trees, lightli_sewer_entry_pipes
D:6:      layout_basic, nicolae_ossuary_entry_monument
D:7:      layout_cave_pools, uniq_crazy_yiuf_cottage
D:8:      layout_basic, serial_shops, nicolae_shop_crystal,
          gammafunk_ghost_arena, st_stairs_13, uniq_erica
D:9:      layout_stronghold, due_unseen_surprise, uniq_erolcha
D:10:     lemuel_troll_bridge, layout_rooms,
          grunt_temple_overflow_lords_of_destruction,
          mainiacjoe_overflow_24_doors, david_lair_shrubbed,
          gammafunk_ghost_wrathful_warriors
Temple:   nicolae_temple_ecumenical_triangle
Lair:1:   layout_gridlike, ebering_ghost_xom
Lair:2:   layout_loops_ring, elwin_shoals_entry_rocks,
          minmay_snake_entry_guardpost_small, grunt_megastairs_4, uniq_sonja

Skill      XL: |  1  2  3  4  5  6  7  8  9 10 11 12 |
---------------+-------------------------------------+-----
Spellcasting   | 4 5 6 13 14 | 14.6
Conjurations   | 5 6 11 12 | 12.9
Hexes          | 1 2 3 4 5 6 |  6.0
Translocations | 2 3 4 5 6 |  6.0
Fighting       | 2 3 4 |  4.4
Stealth        | 4 5 7 |  7.0
Dodging        | 4 5 6 7 |  7.0
Transmutations | 2 4 |  4.9
Air Magic      | 2 4 |  4.4

Action                     |  1- 3 |  4- 6 |  7- 9 | 10-12 || total
---------------------------+-------+-------+-------+-------++-------
  Melee: Staff             |       |       |       |    12 ||    12
   Cast: Magic Dart        |    65 |    68 |    23 |     2 ||   158
         Searing Ray       |     4 |    11 |     1 |       ||    16
         Fulminant Prism   |       |    17 |    48 |   115 ||   180
         Iskenderun's Myst |       |       |     7 |    27 ||    34
         Manifold Assault  |       |       |       |     4 ||     4
  Evoke: Wand              |       |       |       |     1 ||     1
    Use: Scroll            |     8 |     4 |    13 |     7 ||    32
         Potion            |       |       |     1 |       ||     1
 Armour: Robe              |       |    14 |     1 |     9 ||    24
  Dodge: Dodged            |     5 |    30 |     8 |    33 ||    76

Table legend: (Time is in decaauts)
 A = Elapsed time spent in this place.
 B = Non-inter-level travel time spent in this place.
 C = Inter-level travel time spent in this place.
 D = Time resting spent in this place.
 E = Time spent auto-exploring this place.
 F = Levels seen in this place.
 G = Mean time per level.
                   A        B        C        D        E       F      G
               +--------+--------+--------+--------+--------+-----+--------+
         Total |  14935 |  14110 |    825 |   4032 |   7689 |  14 | 1066.8 |
       Dungeon |  12976 |  12228 |    748 |   3692 |   6638 |  10 | 1297.6 |
        Temple |     44 |     38 |      6 |      0 |     30 |   1 |   44.0 |
          Lair |   1577 |   1507 |     70 |    195 |    890 |   2 |  788.5 |
         Sewer |    336 |    336 |      0 |    145 |    130 |   1 |  336.0 |
               +--------+--------+--------+--------+--------+-----+--------+

Top non-repeatable levels by time:
     D:2: 1937 daAuts
     D:9: 1646 daAuts
     D:5: 1565 daAuts
     D:6: 1477 daAuts
  Lair:1: 1382 daAuts
     D:4: 1336 daAuts
    D:10: 1297 daAuts
     D:8: 1175 daAuts
     D:7: 919 daAuts
     D:1: 918 daAuts
     D:3: 702 daAuts
   Sewer: 336 daAuts
  Lair:2: 195 daAuts
  Temple: 44 daAuts
